 Dungeon Crawl Stone Soup version 0.18-a0-1799-g6250cb2 (webtiles) character file.

354 dobroeutro the Shield-Bearer (level 6, -4/39 HPs)
             Began as a Gargoyle Fighter on Apr 23, 2016.
             Killed from afar by an orc wizard (7 damage)
             ... with a puff of flame
             ... on level 4 of the Dungeon.
             The game lasted 00:05:43 (2543 turns).

dobroeutro the Shield-Bearer (Gargoyle Fighter)     Turns: 2543, Time: 00:05:44

Health: -4/39      AC: 14    Str: 22    XL:     6   Next: 62%
Magic:  6/6        EV:  7    Int:  8    God:
Gold:   119        SH: 10    Dex:  9    Spells: 0 memorised, 5 levels left

rFire  . . .     SeeInvis .     a - +0 flail
rCold  . . .     Gourm    .     b - +0 scale mail
rNeg   + . .     Faith    .     c - +0 shield
rPois  ∞         Spirit   .     (no helmet)
rElec  +         Dismiss  .     u - +0 cloak
rCorr  .         Reflect  .     q - +0 pair of gloves
SustAt .         Harm     .     (no boots)
MR     .....                    (no amulet)
Stlth  ..........               (no ring)
                                (no ring)

@: not resistant to hostile enchantments, extremely unstealthy
A: negative energy resistance 1, electricity resistance, unbreathing,
petrification resistance, rot immunity, AC +4
a: no special abilities


You were on level 4 of the Dungeon.
You were very hungry.

You visited 1 branch of the dungeon, and saw 4 of its levels.

You collected 119 gold pieces.

Inventory:

Hand Weapons
 a - a +0 flail (weapon)
Armour
 b - a +0 scale mail (worn)
 c - a +0 shield (worn)
 q - a +0 pair of gloves (worn)
 u - a +0 cloak (worn)
Scrolls
 e - a scroll of magic mapping
 g - a scroll of remove curse {unknown}
 k - 2 scrolls of identify {unknown}
 n - 4 scrolls of recharging {unknown}
 r - a scroll of amnesia {unknown}
Potions
 d - a potion of cure mutation {unknown}
 h - a potion of haste {unknown}
 l - a potion of cancellation {unknown}
 m - 2 potions of agility {unknown}
 o - a potion of lignification {unknown}
 p - 2 potions of curing {unknown}
 s - a potion of ambrosia {unknown}
Comestibles
 f - a bread ration
 i - a meat ration
 j - 9 fruits
 t - 3 chunks of flesh


   Skills:
 + Level 4.7 Fighting
 + Level 3.6 Maces & Flails
 + Level 4.9 Armour
 + Level 5.0 Shields


You had 5 spell levels left.
You didn't know any spells.

Dungeon Overview and Level Annotations

Branches:
Dungeon (4/15)
 Temple: D:4-7

Altars:
Cheibriados
Vehumet


Innate Abilities, Weirdness & Mutations

You are resistant to torment.
Your stone body is resilient (AC +4).
You are immune to poison.
You resist negative energy.
You are resistant to electric shocks.
You can survive without breathing.
You are immune to petrification.
You are immune to rotting.


Message History

The puff of flame hits you!
* * * LOW HITPOINT WARNING * * *
You block the hound's attack.
You hit something. The hound bites you but does no damage.
Something hits you but does no damage. You block the hound's attack.
You miss something. You block the hound's attack.
Something hits you but does no damage. The hound barely misses you.
You miss something.
You hear the hiss of an avalanche of sand nearby.
An orc wizard appears from thin air!
Reactivating autopickup.
The orc wizard hits you but does no damage.
You block the hound's attack. You block the orc wizard's attack.
The hound barely misses you.
You hit the orc wizard.
The orc wizard is almost dead.
The hound bites you but does no damage.
The orc wizard gestures at you while chanting.
The puff of flame hits you!
You die...

.....,,,,.....#,* **,,,,,,,,,,
*#.#.#####.....,####**,,*,,,,,,,,
#.........#####....,,,**,,,,,,,,
**#>.......##...#*******,,,,,,,,
###..##.....#** *,,,,,,,,,
##...#####...# *,**,,,,,,
###.)###**#....## *,**,,****
.#..##*#....##.o#### *,#,,,*,,,
...##*#..###*#rh@>.## *.#.,,*,,*
#.## #..** ###....# *#.....*∩,,
#.# #.#* ##...###..#...#,,* #.#
#.# *#..#........#,,, #.# ##.#
#...........###* #.# #..#
#<............,, #.###.#*
###..........#*** #.#...####
#............# #.#......#
####.#..........#


You could see a hound, an orc wizard and a quokka.

Vanquished Creatures
  The ghost of feelmyfire the Skirmisher, an amateur MiFi (D:3)
  2 orc priests (D:4)
  A centaur skeleton (D:4)
  An orc wizard (D:4)
  6 adders
  An ooze (D:1)
  A worm (D:3)
  3 dart slugs
  4 giant geckos
  4 orcs
  A ball python (D:3)
  6 bats
  6 giant cockroaches
  9 goblins
  5 hobgoblins
  4 jackals
  11 kobolds
  2 quokkas (D:2)
  4 giant newts
  7 rats
79 creatures vanquished.

Notes
Turn   | Place    | Note
--------------------------------------------------------------
     0 | D:1      | dobroeutro the Gargoyle Fighter began the quest for the Orb.
     0 | D:1      | Reached XP level 1. HP: 14/14 MP: 1/1
    36 | D:1      | Reached XP level 2. HP: 7/19 MP: 2/2
   307 | D:1      | Reached XP level 3. HP: 19/23 MP: 3/3
  1000 | D:2      | Reached XP level 4. HP: 21/29 MP: 4/4
  1181 | D:2      | Reached skill level 4 in Shields
  1182 | D:2      | Found a faded altar to an unknown god.
  1306 | D:2      | Found a snail-covered altar of Cheibriados.
  1874 | D:3      | Reached XP level 5. HP: 33/33 MP: 5/5
  1880 | D:3      | Noticed feelmyfire's ghost (amateur MiFi)
  1898 | D:3      | Killed feelmyfire's ghost
  2050 | D:3      | Reached XP level 6. HP: 26/39 MP: 6/6
  2434 | D:4      | Found a radiant altar of Vehumet.
  2456 | D:4      | Reached skill level 5 in Shields
  2543 | D:4      | Killed from afar by an orc wizard

Vault maps used:
D:1:      dpeg_arrival_central, hex_tiny, minmay_lizard_king
D:2:      kennysheep_slug_shrine, ecumenical_altar_1
D:3:      minmay_misc_feat_roman
D:4:      vehumet_crystals, led_sif_book, enter_ossuary_4

Skill      XL: |  1  2  3  4  5  6 |
---------------+-------------------+-----
Armour         | 4 |  4.9
Shields        | 4 5 |  5.0
Fighting       | 4 |  4.7
Maces & Flails | 3 |  3.6

Action                   |  1- 3 |  4- 6 || total
-------------------------+-------+-------++-------
Melee: Flail             |   105 |   267 ||   372
  Use: Potion            |       |     1 ||     1
       Scroll            |       |     1 ||     1
  Eat: Chunk             |       |     5 ||     5
Armor: Scale mail        |    78 |   176 ||   254
Dodge: Dodged            |    41 |    95 ||   136
Block: Shield            |    64 |   165 ||   229
